 Dungeon Crawl Stone Soup version 0.27.1-4-g1640c2035a (webtiles) character file.

Game seed: 5413630242413189451

8 Stomo444 the Grave Robber (level 2, -1/14 HPs)
             Began as a Vine Stalker Necromancer on Nov 12, 2021.
             Slain by a kobold (2 damage)
             ... on level 1 of the Dungeon.
             The game lasted 00:00:42 (624 turns).

Stomo444 the Grave Robber (Vine Stalker Necromancer) Turns: 624, Time: 00:00:42

Health: -1/14      AC:  3    Str: 10    XL:     2   Next: 8%
Magic:  0/6        EV: 12    Int: 15    God:
Gold:   11         SH:  0    Dex: 14    Spells: 4/5 levels left

rFire    . . .     SeeInvis .   (no weapon)
rCold    . . .     Faith    .   (no shield)
rNeg     . . .     Spirit   +   c - +0 robe {Archmagi}
rPois    .         Reflect  .   (no helmet)
rElec    .         Harm     .   (no cloak)
rCorr    .         Rampage  .   e - +0 pair of gloves
Will     .....     Archmagi +   (no boots)
Stlth    ++........             (no amulet)
HPRegen  0.04/turn              (no ring)
MPRegen  0.10/turn              (no ring)

@: no status effects
A: fangs 2, magic shield, antimagic bite, no potion heal 2
a: no special abilities


You were on level 1 of the Dungeon.
You visited 1 branch of the dungeon, and saw 1 of its levels.

You collected 11 gold pieces.

Inventory:

Armour
 a - a +0 robe
 c - a +0 robe of the Archmagi (worn)
 e - a +0 pair of gloves (worn)
Potions
 b - a potion of mutation {unknown}
 d - a potion of magic {unknown}


   Skills:
 + Level 1.0 Fighting
 + Level 1.9 Dodging
 - Level 2.4 Stealth
 - Level 2.1 Spellcasting
 - Level 4.0 Necromancy


You had 4 spell levels left.
You knew the following spells:

 Your Spells              Type           Power      Damage    Failure   Level
a - Pain                  Necr           80%        1d8       4%          1

Your spell library contained the following spells:

 Spells                   Type           Power      Damage    Failure   Level
 Animate Skeleton         Necr           40%        N/A       4%          1
 Vampiric Draining        Necr           10%        2d7       13%         3
 Animate Dead             Necr           10%        N/A       38%         4
 Agony                    Necr           20%        N/A       75%         5


Dungeon Overview and Level Annotations

Branches:
Dungeon (1/15)

Altars:


Innate Abilities, Weirdness & Mutations

You have extremely sharp teeth.
When hurt, damage is shared between your health and your magic reserves.
Your bite disrupts and absorbs the magic of your enemies.
Potions cannot restore your health.


Message History

You are too injured to fight recklessly!
You are too injured to fight recklessly!
You are too injured to fight recklessly!
There are monsters nearby!
Unknown command.
The endoplasm freezes you.
You are frozen.
* * * LOW HITPOINT WARNING * * *
Unknown command.
The endoplasm freezes you.
You are frozen.
* * * LOW HITPOINT WARNING * * *
You see here a +0 ring mail.
There is an open door here.
You hit the endoplasm but do no damage. Your bite misses the endoplasm.
The endoplasm hits you but does no damage.
Unknown command.
There is an open door here.
There is a stone staircase leading down here.
You hit the endoplasm but do no damage. The endoplasm barely misses you.
You hit the endoplasm. You bite the endoplasm. You drain its power.
You feel invigorated.
The endoplasm is heavily wounded.
The endoplasm hits you.
* * * LOW HITPOINT WARNING * * *
You hit the endoplasm. You bite the endoplasm.
You kill the endoplasm!
Your Fighting skill increases to level 1!
You closely miss the kobold. The kobold completely misses you.
Unknown command.
You closely miss the kobold. You bite the kobold, but do no damage.
The kobold hits you with a +0 dagger.
You hit the kobold but do no damage. You bite the kobold, but do no damage.
The kobold misses you.
You miss the kobold. Your bite misses the kobold.
The kobold closely misses you.
You closely miss the kobold. You bite the kobold, but do no damage.
The kobold barely misses you.
You barely miss the kobold. The kobold hits you with a +0 dagger.
You die...

....## #..#.# .. $..#.
#.# ###.... ##.#.#
...... ... .♣# ### #.#.#
.#..# #.# ..♣# #...#
...#... ...#
##..######..#.#.#.# ♣..#
#..#...##......... ...#
#..#...##..#.#.#. ..##
########..#..†##..# ..∩.
.........@K...'[.##
..###
###########...##........
...# ############.. .###
.∩. .## ..


You could see a kobold.

Vanquished Creatures
  A bat (D:1)
  4 endoplasms (D:1)
  A quokka (D:1)
6 creatures vanquished.

Vanquished Creatures (others)
  4 fungi (D:1)
  6 plants (D:1)
10 creatures vanquished.

Grand Total: 16 creatures vanquished

Notes
Turn   | Place    | Note
-------+----------+-------------------------------------------
     0 | D:1      | Stomo444 the Vine Stalker Necromancer began the quest for
                  | the Orb.
     0 | D:1      | Reached XP level 1. HP: 9/9 MP: 4/4
   426 | D:1      | Reached XP level 2. HP: 7/14 MP: 4/6
   619 | D:1      | Reached skill level 1 in Fighting
   624 | D:1      | Slain by a kobold

Illustrated notes

Levels and vault maps discovered:
D:1:      nzn_arrival_settlement, layout_basic,
          shapermc_ecumenical_altar_mp_urbaneastern

Skill      XL: |  1  2 |
---------------+-------+-----
Fighting       | 1 |  1.0
Dodging        | |  1.9
Stealth        | |  2.4
Spellcasting   | |  2.1
Necromancy     | |  4.0

Action                   || total
-------------------------++-------
Melee: Unarmed           ||    45
       Bite              ||    16
 Stab: Sleeping          ||     2
       Distracted        ||     1
Armor: Robe              ||    11
Dodge: Dodged            ||    32
